 Dungeon Crawl Stone Soup version 0.28.0-53-g5a82cb258f (webtiles) character file.

Game seed: 16826351480506676174

293 Duralumin the Firebug (level 6, 0/41 HPs)
             Began as a Demonspawn Fire Elementalist on Aug 2, 2022.
             Slain by an iguana (4 damage)
             ... on level 4 of the Dungeon on Aug 8, 2022.
             The game lasted 00:17:50 (3011 turns).

Duralumin the Firebug (DsFE)                        Turns: 3011, Time: 00:17:50

Health: 0/41       AC:  2    Str:  8    XL:     6   Next: 11%
Magic:  3/11       EV: 12    Int: 18    God:
Gold:   74         SH:  0    Dex: 14    Spells: 9/12 levels left

rFire   . . .      SeeInvis .   e - +0 dagger
rCold   . . .      Faith    .   (no shield)
rNeg    . . .      Spirit   .   a - +0 robe
rPois   .          Reflect  .   (no helmet)
rElec   .          Harm     .   (no cloak)
rCorr   .          Rampage  .   (no gloves)
Will    .....                   (no boots)
Stlth   ++........              (no amulet)
HPRegen 0.13/turn               (no ring)
MPRegen 0.12/turn               (no ring)

@: no status effects
A: hooves 1, spiny 1, sturdy frame 1
a: no special abilities


You were on level 4 of the Dungeon.
You visited 1 branch of the dungeon, and saw 4 of its levels.
You also visited: Sewer.

You collected 132 gold pieces.
You spent 58 gold pieces at shops.

Inventory:

Hand Weapons
 c - a +0 short sword
 e - a +0 dagger (weapon)
Missiles
 f - 88 stones
 h - 5 poisoned darts
Armour
 a - a +0 robe (worn)
Wands
 p - a wand of paralysis (8)
Scrolls
 b - 3 scrolls of identify {unknown}
 d - 3 scrolls of vulnerability {unknown}
 k - 2 scrolls of magic mapping {unknown}
 m - 2 scrolls of fear {unknown}
 q - a scroll of teleportation {unknown}
Potions
 g - 3 potions of flight {unknown}
 i - 3 potions of curing {unknown}
 j - a potion of degeneration {unknown}
 l - a potion of resistance {unknown}
 n - a potion of invisibility {unknown}
 o - a potion of attraction {unknown}


   Skills:
 - Level 1.7 Dodging
 - Level 1.7 Stealth
 + Level 3.7 Spellcasting
 + Level 3.5 Conjurations
 + Level 4.2 Fire Magic


You had 9 spell levels left.
You knew the following spells:

 Your Spells              Type           Power      Damage    Failure   Level
a - Foxfire               Conj/Fire      68%        2x1d7     3%          1
b - Scorch                Fire           36%        2d7       4%          2

Your spell library contained the following spells:

 Spells                   Type           Power      Damage    Failure   Level
 Conjure Flame            Conj/Fire      17%        6-21      9%          3
 Inner Flame              Hex/Fire       10%        N/A       19%         3
 Flame Wave               Conj/Fire      17%        2d6       30%         4


Dungeon Overview and Level Annotations

Branches:
Dungeon (4/15)              Sewer (visited)
 Temple: D:4-7

Altars:
Wu Jian
Zin

Shops:
D:3 **

Annotations:
D:3 2 transporters, gnacko's ghost, amateur GnWn


Innate Abilities, Weirdness & Mutations

You have large cloven feet.
You are partially covered in sharp spines.
Your movements are slightly less encumbered by armour. (ER -2)


Message History

The ice beast is moderately wounded.
The ice beast's fire resistance burns away.
Casting: Scorch (safe; 4% risk of failure)
Confirm with . or Enter, or press ? or * to list all spells.
You conjure some foxfire!
The foxfire hits the ice beast but does no damage.
The ice beast is moderately wounded.
Your foxfire dissipates!
An iguana comes into view.
Casting: Foxfire (safe; 3% risk of failure)
Confirm with . or Enter, or press ? or * to list all spells.
You conjure some foxfire!
The iguana hisses angrily.
The ice beast hits you. The ice beast freezes you!
The ice beast is no longer more vulnerable to fire.
The foxfire hits the ice beast.
The ice beast is moderately wounded.
The foxfire hits the iguana but does no damage.
Casting: Foxfire (safe; 3% risk of failure)
Confirm with . or Enter, or press ? or * to list all spells.
Flames lash the ice beast.
The ice beast melts!
The ice beast is heavily wounded.
The ice beast's fire resistance burns away.
The ice beast is struck by your spines. The ice beast hits you.
The ice beast freezes you!
Casting: Scorch (safe; 4% risk of failure)
Confirm with . or Enter, or press ? or * to list all spells.
You conjure some foxfire!
Your foxfire dissipates!
The foxfire hits the ice beast.
The ice beast melts!
The ice beast is severely wounded.
The ice beast hits you. The ice beast freezes you!
* * * LOW HITPOINT WARNING * * *
The ice beast is no longer more vulnerable to fire.
Casting: Foxfire (safe; 3% risk of failure)
Confirm with . or Enter, or press ? or * to list all spells.
Flames lash the ice beast.
The ice beast melts!
You kill the ice beast!
The iguana is struck by your spines. The iguana bites you.
You die...

#..... #.#
##.....##.#
........#.#####
.##...#.......#
..... ###.###.#
.### ###.###.######
#............#
#.#l###.####.#
##.#.@....###.#
.............##.#
####.#####...##.##
#. #.......# .
##..##..# ..
#..##..# ##
#..##..#
###.##..##.[#
............#######


You could see an iguana.

Vanquished Creatures
  An ice beast (D:4)
  A kobold brigand (Sewer)
  A bullfrog zombie (D:3)
  7 adders
  2 river rats (Sewer)
  5 worms
  A dart slug (D:1)
  4 orcs (D:3)
  10 ball pythons
  5 bats
  9 endoplasms
  A giant cockroach (D:1)
  7 goblins
  10 hobgoblins
  4 jackals (D:1)
  10 kobolds
  4 quokkas
  4 frilled lizards
  7 rats
93 creatures vanquished.

Vanquished Creatures (collateral kills)
  2 foxfires (D:2)
2 creatures vanquished.

Vanquished Creatures (others)
  193 foxfires
  2 fungi (D:1)
  12 plants
207 creatures vanquished.

Grand Total: 302 creatures vanquished

Notes
Turn   | Place    | Note
-------+----------+-------------------------------------------
     0 | D:1      | Duralumin the Demonspawn Fire Elementalist began the quest
                  | for the Orb.
     0 | D:1      | Reached XP level 1. HP: 13/13 MP: 3/3
   273 | D:1      | Gained mutation: You have large cloven feet. [demonic
                  | ancestry]
   273 | D:1      | Reached XP level 2. HP: 19/19 MP: 3/5
   315 | D:1      | Learned a level 2 spell: Scorch
   324 | D:1      | Reached skill level 3 in Fire Magic
   559 | D:1      | Found a faded altar of an unknown god.
   581 | D:1      | Reached XP level 3. HP: 18/24 MP: 1/6
  1329 | D:2      | Gained mutation: You are partially covered in sharp spines.
                  | [demonic ancestry]
  1329 | D:2      | Reached XP level 4. HP: 30/30 MP: 2/8
  1659 | D:2      | You fall into a shaft and drop 1 floor!
  1659 | D:3      | Found Uwaeplonlonk's Assorted Antiques.
  1729 | D:3      | Reached XP level 5. HP: 30/35 MP: 1/9
  1747 | D:3      | Bought a scroll labelled COMUMI OPUYGI for 31 gold pieces
  1747 | D:3      | Bought a metallic cyan potion for 27 gold pieces
  1769 | D:3      | Found an ornate altar of the Wu Jian Council.
  1814 | D:3      | Found a glowing drain.
  1831 | Sewer    | Entered a sewer
  2300 | Sewer    | Reached skill level 4 in Fire Magic
  2547 | D:2      | Gained mutation: Your movements are slightly less
                  | encumbered by armour. (ER -2) [demonic ancestry]
  2547 | D:2      | Reached XP level 6. HP: 41/41 MP: 11/11
  2792 | D:3      | Found Zin's Purification Station.
  2838 | D:3      | Noticed gnacko's ghost (amateur GnWn)
  2839 | D:3      | Found a transporter.
  2842 | D:3      | Found a transporter.
  2998 | D:4      | Noticed an ice beast
  3011 | D:4      | Killed an ice beast
  3011 | D:4      | Slain by an iguana

Illustrated notes

Levels and vault maps discovered:
D:1:      tarquinn_simple_flora_water_b, layout_loops_ring,
          shapermc_ecumenical_altar_mp_urbaneastern,
          amcnicky_mini_rare_corridor_liquid
D:2:      layout_basic, serial_forest, infiniplex_forest_clump_C,
          infiniplex_forest_join, infiniplex_forest_clump_C,
          infiniplex_forest_end_1, infiniplex_forest_clump_large,
          infiniplex_forest_clump_curved, infiniplex_forest_lined_corner,
          infiniplex_forest_straight_3, glass_columns_a, serial_bayou_pond_d
D:3:      layout_rooms, zin_purify, pdpol_wu_jian_five_deadly_venoms,
          serial_shops, shop, cheibrodos_sewer_entry_bend,
          gammafunk_ghost_arena, grunt_decor_one_mirror
D:4:      layout_loops_ring, due_unseen_surprise, uniq_ijyb, uniq_edmund

Skill      XL: |  1  2  3  4  5 |
---------------+----------------+-----
Fire Magic     | 3 4 |  4.2
Conjurations   | 2 3 |  3.5
Spellcasting   | 3 |  3.7
Dodging        | |  1.7
Stealth        | |  1.7

Action                   |  1- 3 |  4- 6 || total
-------------------------+-------+-------++-------
Melee: Short sword       |    15 |       ||    15
       Kick              |     8 |     9 ||    17
       Dagger            |     4 |    25 ||    29
 Cast: Foxfire           |    50 |    77 ||   127
       Scorch            |     4 |     5 ||     9
Armor: Robe              |     6 |     3 ||     9
Dodge: Dodged            |    21 |    23 ||    44
